 Dungeon Crawl Stone Soup version 0.17-a0-1685-g57e755e (webtiles) character file.

56 Gorice the Sneak (level 3, -3/18 HPs)
             Began as a Spriggan Wanderer on Aug 19, 2015.
             Killed by nerve-wracking pain
             ... invoked by Jessica
              (9 damage)
             ... on level 2 of the Dungeon.
             The game lasted 00:06:14 (1404 turns).

Gorice the Sneak (Spriggan Wanderer)                Turns: 1404, Time: 00:06:16

Health: -3/18      AC:  4    Str:  7    XL:     3   Next: 71%
Magic:  8/8        EV: 18    Int: 14    God:
Gold:   88         SH:  0    Dex: 16    Spells: 0 memorised, 7 levels left

rFire  . . .     SeeInvis +     a - +0 quarterstaff
rCold  . . .     Clarity  .     c - +2 robe
rNeg   . . .     SustAt   .     (shield restricted)
rPois  .         Gourm    +     (helmet restricted)
rElec  .         Spirit   .     (no cloak)
rCorr  .         Warding  .     (gloves unavailable)
rMut   .         Stasis   .     (boots unavailable)
MR     .....                    t - amulet of the gourmand
Stlth  +++.......               (no ring)
                                (no ring)

@: very quick, not resistant to hostile enchantments, fairly stealthy
A: unfitting armour, see invisible, herbivore 3, speed 3, slow metabolism 2
a: no special abilities


You were on level 2 of the Dungeon.
You were not hungry.

You visited 1 branch of the dungeon, and saw 2 of its levels.

You collected 88 gold pieces.

Inventory:

Hand weapons
 a - a +0 quarterstaff (weapon)
 d - a +0 dagger
 o - a +0 dagger of protection
   (You found it on level 2 of the Dungeon)
 q - a +0 hunting sling
Missiles
 i - 18 silver sling bullets
 Z - 45 stones (quivered)
Armour
 c - a +2 robe (worn)
Jewellery
 l - a +3 ring of intelligence {unknown}
 t - an amulet of the gourmand (around neck)
Scrolls
 f - 2 scrolls of remove curse {unknown}
 j - 3 scrolls of identify {unknown}
 k - 2 scrolls of teleportation {unknown}
 s - a scroll of fear {unknown}
Potions
 b - a potion of curing
 g - a potion of might {unknown}
 h - a potion of agility {unknown}
 n - a potion of ambrosia {unknown}
 p - 2 potions of haste {unknown}
 r - a potion of heal wounds {unknown}
 u - a potion of cure mutation {unknown}
Comestibles
 e - 4 bread rations {!e}
 m - a slice of pizza


   Skills:
 - Level 1.0 Fighting
 * Level 2.5 Staves
 + Level 3.3 Dodging
 - Level 4.4 Stealth
 - Level 2.6 Spellcasting
   Level 1.3 Transmutations


You had 7 spell levels left.
You didn't know any spells.

Dungeon Overview and Level Annotations

Branches:
Dungeon (2/15)

Altars:

Annotations:
D:2 Jessica


Innate Abilities, Weirdness & Mutations

You are tiny and cannot use many weapons and most armour.
You have supernaturally acute eyesight.
You are a herbivore.
You cover ground extremely quickly.
You need consume almost no food.


Message History

Jessica seems to speed up.
You hit the rat.
You kill the rat!
You start resting.
You barely miss Jessica. Jessica barely misses you.
You hit Jessica but do no damage. Jessica misses you.
Jessica completely misses you.
You hit Jessica but do no damage. Jessica closely misses you.
Jessica closely misses you.
You sock Jessica!
Jessica is almost dead.
Jessica barely misses you. Jessica completely misses you.
You closely miss Jessica.
Jessica is almost dead.
Jessica hits you.
Damage: 3 (max 3)
You closely miss Jessica.
Jessica is almost dead.
Jessica misses you. Jessica hits you.
Damage: 4 (max 4)
You hit Jessica but do no damage.
Jessica is almost dead.
Jessica mumbles some strange words.
Jessica blinks!
Jessica misses you.
Found 6 gold pieces.
You completely miss Jessica.
Jessica is almost dead.
Jessica gestures at you while chanting. Pain shoots through your body!
* * * LOW HITPOINT WARNING * * *
Damage: 8 (max 8)
You are too injured to fight recklessly!
You are too injured to fight recklessly!
You are too injured to fight recklessly!
You aren't carrying any items that can be evoked.
Drink which item? (? for menu, Esc to quit)
You feel better. Jessica hits you.
Jessica casts a spell.
Jessica blinks!
Throwing (i - inventory):
Z - 46 stones (quivered)
Press: ? - help, Shift-Dir - straight line, f - Jessica
Aim: Jessica, wearing a runed robe (almost dead, fast)
You throw a stone.
The stone hits Jessica but does no damage.
Jessica is almost dead.
Jessica gestures at you while chanting. Pain shoots through your body!
Ouch! That really hurt!
You die...

...# #.#
####.#.##...).......
...# #.#
#....#.##...#...####
#### #.# #.##
#..#..#_#..##
#.###.#####.#...#.......
#.........#.........####
#.........##....#.#.#
#.........##..###.#.#
#.........#..........
......ยง@....#........#
..........###........
.......@..# #........#
...)......# #>......
$.######### ###.###. .
.#


You could see Jessica.

Vanquished Creatures
  An adder (D:2)
  A gnoll (D:1)
  An ooze (D:1)
  A worm (D:2)
  A giant gecko (D:2)
  A ball python (D:1)
  3 giant cockroaches (D:1)
  A goblin (D:1)
  A hobgoblin (D:1)
  3 bats
  3 giant newts
  7 jackals (D:2)
  2 kobolds
  7 rats (D:2)
33 creatures vanquished.

Notes
Turn   | Place    | Note
--------------------------------------------------------------
     0 | D:1      | Gorice the Spriggan Wanderer began the quest for the Orb.
     0 | D:1      | Gorice set off with: a +2 robe, a potion of curing, a +0 quarterstaff, a +0 dagger, a bread ration {!e}
     0 | D:1      | Reached XP level 1. HP: 10/10 MP: 5/5
    75 | D:1      | Reached skill level 2 in Dodging
   160 | D:1      | HP: 3/10 [gnoll (7)]
   183 | D:1      | Reached XP level 2. HP: 4/14 MP: 6/6
   526 | D:1      | Reached skill level 2 in Staves
  1039 | D:2      | Reached XP level 3. HP: 16/18 MP: 8/8
  1050 | D:2      | Reached skill level 3 in Dodging
  1296 | D:2      | Found a faded altar to an unknown god.
  1306 | D:2      | Noticed Jessica
  1402 | D:2      | HP: 1/18 [Jessica/nerve-wracking pain (8)]
  1404 | D:2      | Killed from afar by Jessica

Vault maps used:
D:1:      minmay_arrival_arboretum_small
D:2:      ecumenical_altar_1, uniq_jessica

Action                   || total
-------------------------++-------
Melee: Quarterstaff      ||   102
Throw: Stone             ||     5
  Use: Potion            ||     1
 Stab: Sleeping          ||     5
       Distracted        ||     1

Table legend:
 A = Turns spent in this place as a percentage of turns spent in the entire game.
 B = Non-inter-level travel turns spent in this place as a percentage of non-inter-level travel turns spent in the entire game.
 C = Inter-level travel turns spent in this place as a percentage of turns spent in this place.
 D = Turns resting spent in this place as a percentage of non-inter-level travel turns spent in this place.
 E = Turns spent auto-exploring this place as a percentage of non-inter-level travel turns spent in this place.
 F = Non-inter-level travel turns spent in this place divided by the number of levels of this place that you've seen.
                   A       B       C       D       E      F
               +-------+-------+-------+-------+-------+----------------------
         Total | 100.0 | 100.0 |   0.4 |   1.5 |   6.6 | 272.5
       Dungeon | 100.0 | 100.0 |   0.4 |   1.5 |   6.6 | 272.5
               +-------+-------+-------+-------+-------+----------------------

Vault maps used:
D:1:      minmay_arrival_arboretum_small
D:2:      ecumenical_altar_1, uniq_jessica
